[ PARTIDA AOE2 · #507207797 ]
UnrankedPortugueses vs Lithuanians
Equipo del jugador · VICT
Equipo rival · DERR
[ ANÁLISIS DE REPETICIÓN · EXTRAÍDO DE LA PARTIDA GRABADA ]
Feudal
12:43
Castillos
16:42
Imperial
—
| APM promedio | 52.2 |
| APM pico | 89 |
| eAPM promedio | 24.9 |
| Aldeanos / militares | 115 / 50 |
Foco
⚔️ 25.7% · 🌾 74.3%
Knight ×25 · Monk ×10 · Scout Cavalry ×9 · Organ Gun ×6
Feudal
11:52
Castillos
17:03
Imperial
—
| APM promedio | 60.1 |
| APM pico | 114 |
| eAPM promedio | 25.2 |
| Aldeanos / militares | 91 / 45 |
Foco
⚔️ 18.3% · 🌾 81.7%
Spearman ×29 · Monk ×6 · Militia ×3 · Mangonel ×3 · Knight ×2 · Scorpion ×1
Mapa de la partida
Recursos iniciales + cada clic de construcción. Líneas = muros · curvas = relieve. ◆ oro · ⬟ piedra · ● bayas · ✦ reliquia · ◌ hueco del cierre
Tu base· Abierta — hueco de 7t
Base de seabook· Abierta — flanco sin cerrar
Terreno inicial suavizado · ◌ = hueco del cierre detectado · pasá el cursor para detalles
Inputs por minuto
— Yess Alang - - seabook
Build order — Yess Alang
Primeras 150 de 298 acciones detectadas
| 0:00 | Encolar | Villager (Male) |
| 0:02 | Construir | House |
| 0:03 | Construir | House |
| 0:13 | Encolar | Villager (Male) |
| 0:43 | Encolar | Villager (Male) |
| 0:45 | Encolar | Villager (Male) |
| 1:27 | Construir | Mill |
| 1:36 | Encolar | Villager (Male) |
| 1:57 | Encolar | Villager (Male) |
| 2:22 | Encolar | Villager (Male) |
| 2:54 | Encolar | Villager (Male) |
| 3:04 | Encolar | Villager (Male) |
| 3:40 | Encolar | Villager (Male) |
| 3:52 | Encolar | Villager (Male) |
| 4:01 | Construir | House |
| 4:15 | Encolar | Villager (Male) |
| 4:33 | Encolar | Villager (Male) |
| 4:59 | Encolar | Villager (Male) |
| 5:29 | Investigar | Loom |
| 5:33 | Construir | Lumber Camp |
| 5:51 | Construir | Palisade Wall |
| 5:54 | Encolar | Villager (Male) |
| 5:59 | Construir | Palisade Wall |
| 6:14 | Construir | Palisade Wall |
| 6:38 | Encolar | Villager (Male) |
| 6:45 | Construir | House |
| 7:20 | Encolar | Villager (Male) |
| 7:29 | Encolar | Villager (Male) |
| 7:31 | Construir | Palisade Wall |
| 8:07 | Encolar | Villager (Male) |
| 8:12 | Construir | Mill |
| 8:38 | Encolar | Villager (Male) |
| 9:04 | Encolar | Villager (Male) |
| 9:14 | Construir | House |
| 9:33 | Encolar | Villager (Male) |
| 10:02 | Encolar | Villager (Male) |
| 10:09 | Construir | Farm |
| 10:13 | Construir | Mining Camp |
| 10:21 | Construir | Palisade Wall |
| 10:29 | Construir | Palisade Wall |
| 10:31 | Construir | Palisade Wall |
| 10:32 | Construir | Palisade Wall |
| 10:33 | Investigar | Feudal Age |
| 10:36 | Construir | Farm |
| 10:45 | Construir | Farm |
| 11:09 | Construir | Farm |
| 11:18 | Construir | Farm |
| 11:29 | Construir | Farm |
| 12:17 | Encolar | Villager (Male) |
| 12:43 | Edad | Edad Feudal |
| 12:52 | Construir | Market |
| 13:01 | Construir | Blacksmith |
| 13:10 | Encolar | Villager (Male) |
| 13:37 | Encolar | Villager (Male) |
| 13:51 | Construir | Lumber Camp |
| 14:00 | Investigar | Castle Age |
| 14:08 | Construir | House |
| 14:30 | Investigar | Double-Bit Axe |
| 14:52 | Construir | House |
| 15:14 | Construir | Barracks |
| 15:35 | Investigar | Horse Collar |
| 16:11 | Construir | Stable |
| 16:42 | Edad | Edad de los Castillos |
| 16:44 | Construir | Palisade Wall |
| 16:46 | Construir | Town Center |
| 16:47 | Encolar | Villager (Male) |
| 16:59 | Investigar | Bow Saw |
| 17:02 | Construir | Palisade Wall |
| 17:08 | Encolar | Villager (Male) |
| 17:23 | Encolar | Knight |
| 17:26 | Construir | Farm |
| 17:34 | Encolar | Villager (Male) |
| 17:40 | Construir | Farm |
| 17:41 | Construir | Farm |
| 17:46 | Construir | House |
| 17:54 | Encolar | Villager (Male) |
| 18:03 | Construir | Monastery |
| 18:07 | Encolar | Villager (Male) |
| 18:09 | Construir | Farm |
| 18:12 | Encolar | Villager (Male) |
| 18:23 | Encolar | Knight |
| 18:27 | Encolar | Villager (Male) |
| 18:42 | Encolar | Villager (Male) |
| 18:45 | Encolar | Villager (Male) |
| 18:59 | Encolar | Monk |
| 19:03 | Construir | House |
| 19:05 | Encolar | Villager (Male) |
| 19:17 | Encolar | Villager (Male) |
| 19:32 | Construir | Town Center |
| 19:34 | Construir | Mining Camp |
| 19:38 | Construir | House |
| 19:44 | Construir | Farm |
| 19:44 | Encolar | Villager (Male) |
| 19:49 | Encolar | Villager (Male) |
| 19:58 | Construir | Farm |
| 20:09 | Encolar | Villager (Male) |
| 20:14 | Construir | Farm |
| 20:18 | Construir | House |
| 20:20 | Construir | House |
| 20:24 | Encolar | Villager (Male) |
| 20:30 | Encolar | Villager (Male) |
| 20:31 | Construir | Farm |
| 20:34 | Encolar | Monk |
| 20:52 | Encolar | Villager (Male) |
| 20:54 | Construir | Farm |
| 20:58 | Encolar | Villager (Male) |
| 21:12 | Encolar | Villager (Male) |
| 21:26 | Encolar | Scout Cavalry |
| 21:34 | Encolar | Monk |
| 21:40 | Construir | House |
| 21:42 | Construir | House |
| 21:47 | Construir | Farm |
| 21:50 | Investigar | Sanctity |
| 21:57 | Encolar | Villager (Male) |
| 22:27 | Encolar | Villager (Male) |
| 22:35 | Encolar | Knight |
| 23:02 | Encolar | Knight |
| 23:06 | Encolar | Monk |
| 23:31 | Encolar | Monk |
| 23:40 | Encolar | Villager (Male) |
| 23:44 | Encolar | Villager (Male) |
| 23:50 | Encolar | Monk |
| 23:59 | Encolar | Villager (Male) |
| 24:13 | Encolar | Scout Cavalry |
| 24:14 | Encolar | Villager (Male) |
| 24:15 | Encolar | Villager (Male) |
| 24:18 | Construir | Farm |
| 24:21 | Construir | Farm |
| 24:23 | Construir | Farm |
| 24:27 | Encolar | Villager (Male) |
| 24:32 | Construir | Farm |
| 24:42 | Encolar | Villager (Male) |
| 25:07 | Encolar | Scout Cavalry |
| 25:20 | Encolar | Villager (Male) |
| 25:25 | Construir | Stable |
| 25:35 | Encolar | Villager (Male) |
| 25:39 | Construir | Farm |
| 25:47 | Investigar | Bloodlines |
| 25:50 | Encolar | Villager (Male) |
| 25:54 | Construir | Farm |
| 25:54 | Encolar | Villager (Male) |
| 25:58 | Encolar | Monk |
| 26:01 | Encolar | Scout Cavalry |
| 26:15 | Construir | Stable |
| 26:23 | Investigar | Scale Barding Armor |
| 26:23 | Encolar | Villager (Male) |
| 26:25 | Construir | Farm |
| 26:26 | Construir | Farm |
| 26:30 | Construir | Farm |
| 26:30 | Construir | Farm |
Build order — seabook
Primeras 150 de 239 acciones detectadas
| 0:01 | Encolar | Villager (Male) |
| 0:02 | Construir | House |
| 0:04 | Construir | House |
| 0:09 | Encolar | Villager (Male) |
| 0:09 | Encolar | Villager (Male) |
| 0:09 | Encolar | Villager (Male) |
| 0:09 | Encolar | Villager (Male) |
| 0:13 | Encolar | Villager (Male) |
| 0:13 | Encolar | Villager (Male) |
| 1:26 | Encolar | Villager (Male) |
| 1:26 | Encolar | Villager (Male) |
| 2:14 | Construir | Barracks |
| 2:32 | Encolar | Villager (Male) |
| 3:13 | Construir | House |
| 3:20 | Encolar | Villager (Male) |
| 3:20 | Encolar | Villager (Male) |
| 3:29 | Encolar | Militia |
| 3:38 | Encolar | Militia |
| 3:44 | Encolar | Villager (Male) |
| 4:18 | Encolar | Villager (Male) |
| 4:29 | Encolar | Militia |
| 4:57 | Encolar | Villager (Male) |
| 5:25 | Encolar | Villager (Male) |
| 5:30 | Construir | Lumber Camp |
| 6:08 | Encolar | Villager (Male) |
| 6:20 | Construir | Mill |
| 7:25 | Encolar | Villager (Male) |
| 7:45 | Construir | Mill |
| 8:06 | Construir | House |
| 8:10 | Investigar | Loom |
| 8:10 | Investigar | Loom |
| 8:52 | Encolar | Villager (Male) |
| 9:08 | Construir | Farm |
| 9:09 | Construir | Farm |
| 9:17 | Encolar | Villager (Male) |
| 9:19 | Construir | Farm |
| 9:37 | Construir | House |
| 9:42 | Investigar | Feudal Age |
| 9:43 | Investigar | Feudal Age |
| 10:10 | Construir | Mining Camp |
| 10:16 | Construir | Farm |
| 10:36 | Encolar | Villager (Male) |
| 10:49 | Encolar | Villager (Male) |
| 11:01 | Encolar | Villager (Male) |
| 11:52 | Encolar | Villager (Male) |
| 11:52 | Edad | Edad Feudal |
| 12:02 | Construir | Market |
| 13:10 | Encolar | Villager (Male) |
| 13:21 | Construir | Blacksmith |
| 14:23 | Investigar | Castle Age |
| 14:23 | Investigar | Castle Age |
| 14:33 | Encolar | Spearman |
| 15:27 | Construir | Stable |
| 15:39 | Encolar | Spearman |
| 15:45 | Construir | House |
| 16:00 | Encolar | Villager (Male) |
| 16:10 | Investigar | Double-Bit Axe |
| 16:43 | Encolar | Villager (Male) |
| 16:51 | Construir | House |
| 16:53 | Encolar | Villager (Male) |
| 17:03 | Encolar | Villager (Male) |
| 17:03 | Edad | Edad de los Castillos |
| 17:12 | Construir | Siege Workshop |
| 17:14 | Encolar | Knight |
| 17:25 | Encolar | Villager (Male) |
| 17:29 | Encolar | Villager (Male) |
| 18:06 | Encolar | Knight |
| 18:22 | Encolar | Mangonel |
| 18:43 | Construir | Monastery |
| 18:51 | Encolar | Villager (Male) |
| 19:24 | Encolar | Scorpion |
| 19:28 | Encolar | Villager (Male) |
| 19:37 | Encolar | Monk |
| 19:38 | Construir | House |
| 20:06 | Encolar | Mangonel |
| 20:12 | Encolar | Monk |
| 20:14 | Construir | House |
| 20:38 | Encolar | Villager (Male) |
| 20:40 | Construir | Farm |
| 20:42 | Construir | Farm |
| 20:49 | Encolar | Villager (Male) |
| 21:05 | Encolar | Battering Ram |
| 21:33 | Construir | Lumber Camp |
| 21:34 | Encolar | Villager (Male) |
| 21:48 | Encolar | Monk |
| 22:03 | Encolar | Villager (Male) |
| 22:36 | Encolar | Monk |
| 22:38 | Construir | House |
| 23:08 | Encolar | Monk |
| 23:11 | Construir | House |
| 23:24 | Encolar | Villager (Male) |
| 23:40 | Encolar | Villager (Male) |
| 23:42 | Construir | House |
| 23:44 | Construir | Farm |
| 23:45 | Construir | Farm |
| 23:52 | Construir | Town Center |
| 23:57 | Construir | House |
| 23:59 | Construir | Palisade Wall |
| 24:04 | Construir | Palisade Wall |
| 24:15 | Construir | Town Center |
| 24:16 | Encolar | Villager (Male) |
| 24:37 | Encolar | Villager (Male) |
| 24:58 | Construir | House |
| 25:25 | Encolar | Monk |
| 25:27 | Construir | House |
| 25:29 | Encolar | Villager (Male) |
| 25:30 | Encolar | Villager (Male) |
| 25:36 | Construir | Farm |
| 25:43 | Construir | Farm |
| 25:44 | Investigar | Horse Collar |
| 25:45 | Construir | Farm |
| 25:49 | Construir | Farm |
| 25:55 | Construir | House |
| 25:57 | Encolar | Villager (Male) |
| 26:06 | Investigar | Devotion |
| 26:06 | Investigar | Devotion |
| 26:14 | Encolar | Villager (Male) |
| 26:30 | Construir | Farm |
| 26:32 | Encolar | Villager (Male) |
| 26:35 | Construir | Farm |
| 26:52 | Encolar | Villager (Male) |
| 27:18 | Encolar | Spearman |
| 27:19 | Construir | Farm |
| 27:23 | Encolar | Villager (Male) |
| 27:23 | Encolar | Villager (Male) |
| 27:26 | Construir | Farm |
| 27:28 | Construir | Farm |
| 27:33 | Encolar | Villager (Male) |
| 27:40 | Construir | Farm |
| 27:41 | Construir | Farm |
| 27:41 | Encolar | Villager (Male) |
| 27:56 | Construir | Stable |
| 27:59 | Encolar | Villager (Male) |
| 28:03 | Construir | Farm |
| 28:15 | Construir | Farm |
| 28:16 | Encolar | Villager (Male) |
| 28:17 | Encolar | Villager (Male) |
| 28:25 | Encolar | Spearman |
| 28:32 | Construir | House |
| 28:37 | Encolar | Villager (Male) |
| 28:45 | Encolar | Villager (Male) |
| 28:53 | Encolar | Villager (Male) |
| 29:00 | Construir | House |
| 29:01 | Construir | Farm |
| 29:02 | Encolar | Villager (Male) |
| 29:20 | Encolar | Villager (Male) |
| 29:28 | Encolar | Spearman |
| 29:28 | Encolar | Spearman |
| 29:30 | Encolar | Villager (Male) |
| 29:33 | Construir | House |
Cronología de la partida
| 2:14 | seabook · first_building Barracks |
| 5:51 | Yess Alang · wall_segment Palisade Wall x1 |
| 5:59 | Yess Alang · wall_segment Palisade Wall x1 |
| 6:14 | Yess Alang · wall_segment Palisade Wall x8 |
| 7:31 | Yess Alang · wall_segment Palisade Wall x5 |
| 10:21 | Yess Alang · wall_segment Palisade Wall x1 |
| 10:29 | Yess Alang · wall_segment Palisade Wall x1 |
| 10:31 | Yess Alang · wall_segment Palisade Wall x1 |
| 10:32 | Yess Alang · wall_segment Palisade Wall x1 |
| 11:52 | seabook · age_up feudal |
| 12:43 | Yess Alang · age_up feudal |
| 13:57 | Yess Alang · first_market_sell 100 stone |
| 13:58 | Yess Alang · first_market_buy 100 food |
| 14:22 | seabook · first_market_sell 100 wood |
| 15:14 | Yess Alang · first_building Barracks |
| 15:27 | seabook · first_building Stable |
| 16:11 | Yess Alang · first_building Stable |
| 16:42 | Yess Alang · age_up castle |
| 16:44 | Yess Alang · wall_segment Palisade Wall x1 |
| 17:02 | Yess Alang · wall_segment Palisade Wall x1 |
| 17:03 | seabook · age_up castle |
| 17:12 | seabook · first_building Siege Workshop |
| 18:03 | Yess Alang · first_building Monastery |
| 18:28 | seabook · first_market_buy 100 wood |
| 18:43 | seabook · first_building Monastery |
| 23:59 | seabook · wall_segment Palisade Wall x1 |
| 24:04 | seabook · wall_segment Palisade Wall x1 |
| 29:40 | Yess Alang · first_building Castle |
| 36:01 | seabook · first_building Castle |
| 37:38 | seabook · resign |
[ ANÁLISIS IA · 1 CRÉDITO ]
¿Qué pasó realmente en esta partida?
Wolo.gg analiza cada decisión: build order, eco, micro, errores típicos por bracket. Análisis personalizado por WhatsApp o Discord en 30 segundos.
Guía civ
Portugueses
Perfil
Jugador #12188591